 Dungeon Crawl Stone Soup version 0.28.0 (webtiles) character file.

Game seed: 957945302064047703

986 mortz the Firebug (level 7, -3/52 HPs)
             Began as a Grey Draconian Fire Elementalist on Feb 16, 2022.
             Was an Initiate of Sif Muna.
             Slain by a wight (6 damage)
             ... on level 6 of the Dungeon on Feb 17, 2022.
             The game lasted 00:46:52 (6545 turns).

mortz the Firebug (DrFE)                            Turns: 6545, Time: 00:46:53

Health: -3/52      AC: 12    Str: 11    XL:     7   Next: 97%
Magic:  2/14       EV: 12    Int: 23    God:    Sif Muna [......]
Gold:   210        SH:  0    Dex: 11    Spells: 9/15 levels left

rFire   + . .      SeeInvis .   p - staff of fire
rCold   + . .      Faith    .   (no shield)
rNeg    . . .      Spirit   .   (armour unavailable)
rPois   .          Reflect  .   (helmet restricted)
rElec   .          Harm     .   d - +0 cloak
rCorr   .          Rampage  .   (no gloves)
Will    .....                   (no boots)
Stlth   ++........              (no amulet)
HPRegen 0.17/turn               o - +6 ring of intelligence
MPRegen 0.14/turn               w - ring of protection from cold

@: marked
A: AC +11, amphibious, unfitting armour, cold-blooded
a: Renounce Religion


You were on level 6 of the Dungeon.
You worshipped Sif Muna.
Sif Muna was noncommittal.
You visited 2 branches of the dungeon, and saw 7 of its levels.

You collected 210 gold pieces.

Inventory:

Hand Weapons
 b - a +0 dagger
 j - a +0 trident
Armour
 d - a +0 cloak (worn)
Magical Staves
 e - a staff of conjuration
 p - a staff of fire (weapon)
 x - a staff of conjuration
Jewellery
 o - a +6 ring of intelligence (left hand)
 w - a ring of protection from cold (right hand)
Wands
 u - a wand of iceblast (12)
Scrolls
 a - a scroll of identify {unknown}
 c - 2 scrolls of immolation {unknown}
 f - a scroll of teleportation {unknown}
 g - a scroll of vulnerability {unknown}
 h - 3 scrolls of fear {unknown}
 k - a scroll of blinking {unknown}
 n - a scroll of amnesia {unknown}
 r - a scroll of summoning {unknown}
 t - 3 scrolls of enchant weapon {unknown}
Potions
 i - 2 potions of curing {unknown}
 l - 3 potions of might {unknown}
 m - a potion of heal wounds {unknown}
 q - 2 potions of lignification {unknown}
 s - a potion of brilliance {unknown}
 v - a potion of resistance {unknown}
 z - a potion of berserk rage {unknown}


   Skills:
 + Level 1.2 Fighting
 * Level 3.5 Staves
 + Level 2.8 Dodging
 + Level 3.5 Stealth
 + Level 4.6 Spellcasting
 + Level 3.5 Conjurations
 + Level 4.9 Fire Magic


You had 9 spell levels left.
You knew the following spells:

 Your Spells              Type           Power      Damage    Failure   Level
a - Foxfire               Conj/Fire      100%       2x1d9     1%          1
b - Scorch                Fire           84%        2d9       1%          2
c - Conjure Flame         Conj/Fire      37%        6-21      5%          3

Your spell library contained the following spells:

 Spells                   Type           Power      Damage    Failure   Level
 Inner Flame              Hex/Fire       25%        N/A       11%         3
 Flame Wave               Conj/Fire      37%        2d9       17%         4
 Ozocubu's Armour         Ice            5%         N/A       30%         3
 Ozocubu's Refrigeration  Ice            2%         4d5       100%        7


Dungeon Overview and Level Annotations

Branches:
Dungeon (6/15)             Temple (1/1) D:5

Altars:
Ashenzari
Cheibriados
Dithmenos
Elyvilon
Fedhas
Gozag
Hepliaklqana
Kikubaaqudgha
Makhleb
Nemelex Xobeh
Okawaru
Qazlal
Ru
Sif Muna
Trog
Uskayaw
Vehumet
Wu Jian
Xom
Yredelemnul
Zin
The Shining One


Innate Abilities, Weirdness & Mutations

Your dull iron-grey scales are very hard. (AC +11)
You are amphibious.
You cannot fit into any form of body armour.
You are cold-blooded and may be slowed by cold attacks.


Message History

You feel a surge of power!
You conjure some foxfire!
An orc wizard comes into view. It is wielding a +0 dagger.
The orc wizard casts a spell at you.
You are confused.
An ogre comes into view. It is wielding a +0 giant spiked club.
The foxfire hits the orc wizard.
The orc wizard is lightly wounded.
The foxfire hits the orc wizard.
The orc wizard is moderately wounded.
You're too confused to cast spells.
You're too confused to cast spells.
The foxfire hits the orc wizard but does no damage. x2
Okay, then.
A wyvern skeleton comes into view.
A wight comes into view. It is wielding a +2 great sword.
The orc wizard hits you but does no damage.
You're too confused to move!
The orc wizard gestures wildly while chanting.
The orc wizard flickers and vanishes!
Deactivating autopickup; reactivate with Ctrl-A.
A wight comes into view. It is wielding a +0 hand axe.
The orc wizard hits you but does no damage.
You closely miss the orc wizard.
You feel less confused.
A howler monkey skeleton comes into view.
The orc wizard completely misses you.
Casting: Foxfire (safe; 1% risk of failure)
Press: ? - help, Q - select action, (/) - cycle Dir - look around, f - activate You feel a surge of power!
You conjure some foxfire!
The ogre hits you with a +0 giant spiked club!
The foxfire hits something.
A wight comes into view. It is wielding a +0 halberd.
The orc wizard hits you but does no damage.
The foxfire hits something.
The ogre hits you with a +0 giant spiked club!!
* * * LOW HITPOINT WARNING * * *
The orc wizard mumbles some strange words.
The orc wizard flickers and vanishes!
The wight hits you with a +3 falchion.
You die...

#.##.# ##)##.#
#..##.# #).##z##
#.)Z...##
#.......##
#..)..z..######..
#.....Oz.........
#(..Z.o@..######
###.....#.#
##..z##.#
#.(###.# #z## #.#
#.# #.# #.# #.#
..#
#.##############
###
#..............#


You could see an ogre, 5 wights, an orc, a wyvern skeleton and a howler monkey
skeleton.

Vanquished Creatures
  An ice beast (D:5)
  A necrophage (D:5)
  2 ogres
  A phantom (D:5)
  2 scorpions
  2 wights (D:6)
  2 jellies (D:5)
  A hound (D:6)
  A centaur skeleton (D:6)
  Jessica (D:3)
  An iguana (D:4)
  A hound skeleton (D:5)
  5 adders
  An ufetubus (D:5)
  An adder skeleton (D:4)
  2 worms
  3 dart slugs
  17 orcs
  5 bats
  12 endoplasms
  4 giant cockroaches
  9 goblins
  8 hobgoblins
  5 quokkas
  A frilled lizard (D:3)
  2 kobolds
  4 rats
95 creatures vanquished.

Vanquished Creatures (others)
  310 foxfires
310 creatures vanquished.

Grand Total: 405 creatures vanquished

Notes
Turn   | Place    | Note
-------+----------+-------------------------------------------
     0 | D:1      | mortz the Draconian Fire Elementalist began the quest for
                  | the Orb.
     0 | D:1      | Reached XP level 1. HP: 14/14 MP: 3/3
   329 | D:1      | Reached XP level 2. HP: 20/20 MP: 1/5
   622 | D:1      | Learned a level 2 spell: Scorch
  1266 | D:1      | Reached XP level 3. HP: 26/26 MP: 2/6
  2116 | D:2      | Reached XP level 4. HP: 13/33 MP: 3/8
  2515 | D:3      | Found a faded altar of an unknown god.
  2622 | D:3      | Noticed Jessica
  2698 | D:3      | Killed Jessica
  2782 | D:3      | Noticed an ogre
  2787 | D:3      | Killed an ogre
  2788 | D:3      | Reached skill level 1 in Staves
  2788 | D:3      | Reached XP level 5. HP: 38/38 MP: 3/9
  3685 | D:4      | Learned a level 3 spell: Conjure Flame
  3963 | D:4      | Reached XP level 6. HP: 14/46 MP: 5/11
  4811 | D:5      | Entered Level 5 of the Dungeon
  4979 | D:5      | Found a staircase to the Ecumenical Temple.
  4994 | Temple   | Entered the Ecumenical Temple
  5335 | Temple   | Became a worshipper of Sif Muna the Loreminder
  5416 | D:5      | Found a radiant altar of Vehumet.
  5542 | D:5      | Noticed an ice beast
  5552 | D:5      | Killed an ice beast
  5553 | D:5      | Reached skill level 1 in Fighting
  5553 | D:5      | Your scales start taking on a dull iron-grey colour.
  5553 | D:5      | Reached XP level 7. HP: 44/52 MP: 7/12
  6545 | D:6      | Slain by a wight

Illustrated notes

Levels and vault maps discovered:
D:1:      eino_arrival_water_star, layout_basic, hangedman_decor_push
D:2:      layout_loops_ring
D:3:      layout_basic, shapermc_ecumenical_altar_mp_highgroup, uniq_jessica
D:4:      layout_basic, chequers_serial_rivers_micro_e
D:5:      layout_basic, fiery_altar_vehumet, minmay_temple_entry_crystal_x,
          glass_columns_c
D:6:      layout_loops_ring, corexii_hall_statues_i
Temple:   mainiacjoe_temple_circle_huts

Skill      XL: |  1  2  3  4  5  6  7 |
---------------+----------------------+-----
Stealth        | 2 3 |  3.5
Dodging        | 2 |  2.8
Staves         | 1 2 3 |  3.5
Spellcasting   | 3 4 |  4.6
Conjurations   | 2 3 |  3.5
Fire Magic     | 4 |  4.9
Fighting       | 1 |  1.2

Action                   |  1- 3 |  4- 6 |  7- 9 || total
-------------------------+-------+-------+-------++-------
Melee: Unarmed           |     5 |       |       ||     5
       Dagger            |    12 |       |       ||    12
       Staff             |     8 |    25 |     9 ||    42
       Tailslap          |       |     2 |     3 ||     5
       Punch             |       |     1 |       ||     1
 Cast: Foxfire           |    63 |    71 |    42 ||   176
       Scorch            |       |     4 |       ||     4
Armor: Skin              |     9 |     5 |     9 ||    23
Dodge: Dodged            |    24 |    21 |    10 ||    55
